 Dungeon Crawl Stone Soup version 0.30-a0-439-g9e77e4d916 (webtiles) character file.

Game seed: 11743730624449670591

4999 Shayle the Trooper (level 10, -2/75 (81) HPs)
             Began as a Demonspawn Reaver on Dec 11, 2022.
             Was an Initiate of Ashenzari.
             Slain by a troll (3 damage)
             ... on level 9 of the Dungeon.
             The game lasted 00:25:11 (9312 turns).

Shayle the Trooper (Demonspawn Reaver)              Turns: 9312, Time: 00:25:12

HP:   -2/75 (81)    AC: 15    Str: 12    XL:     10   Next: 29%
MP:   14/14         EV: 12    Int: 18    God:    Ashenzari [......]
Gold: 607           SH:  6    Dex: 17    Spells: 11/14 levels left

rFire   . . .      SeeInvis .    E - +1 broad axe (flame)
rCold   + . .      Faith    .    u - +0 buckler
rNeg    . . .      Spirit   .    K - +0 steam dragon scales
rPois   .          Reflect  .    h - +0 helmet
rElec   .          Harm     .    y - +1 cloak of Ouranomancy {Bglg, Self} (curse)
rCorr   .          Rampage  .    O - +0 pair of gloves
Will    .....                    (no boots)
Stlth   ++++++....               g - amulet of magic regeneration
HPRegen 0.32/turn                f - +4 ring of protection
MPRegen 0.54/turn                e - ring of protection from cold

@: drained, invisible
A: claws 1, thin skeletal structure 2, powered by death 1, powered by pain 1
a: Renounce Religion, Curse Item, Shatter the Chains


You were on level 9 of the Dungeon.
You worshipped Ashenzari.
Ashenzari was noncommittal.
You visited 2 branches of the dungeon, and saw 10 of its levels.

You collected 607 gold pieces.

Inventory:

Hand Weapons
 d - a +3 mace of freezing
 n - a +2 short sword of speed
 E - a +1 broad axe of flaming (weapon)
 H - a +2 whip of venom
 I - a +2 war axe of venom
Missiles
 x - 4 atropa-tipped darts
Armour
 h - a +0 helmet (worn)
 u - a +0 buckler (worn)
 y - the cursed +1 cloak of Ouranomancy (worn) {Bglg, Self}
   (You found it on level 3 of the Dungeon)

   It has a curse which improves the following skills: Beguiling: Conjurations,
   Hexes and Translocations.
   Introspection: Fighting and Spellcasting.
 J - the +0 leather armour of Knowledge {rPois}
   (You found it on level 6 of the Dungeon)

   rPois:     It protects you from poison.
 K - +0 steam dragon scales (worn)
 O - a +0 pair of gloves (worn)
Jewellery
 e - a ring of protection from cold (right hand)
 f - a +4 ring of protection (left hand)
 g - an amulet of magic regeneration (around neck)
 j - a ring of magical power
 m - an amulet of guardian spirit
 v - a +4 ring of evasion
 z - a ring of wizardry
 D - a +6 ring of dexterity
Wands
 L - a wand of flame (18)
 M - a wand of polymorph (9)
Scrolls
 k - 2 scrolls of fear
 o - a scroll of poison
 p - 5 scrolls of fog
 q - a scroll of noise
 s - 2 scrolls of magic mapping
 w - 2 scrolls of summoning
 F - 4 scrolls of identify
 P - a scroll of torment
Potions
 a - a potion of berserk rage {unknown}
 b - a potion of brilliance {unknown}
 c - 3 potions of heal wounds
 i - a potion of resistance
 l - 4 potions of degeneration
 r - 2 potions of invisibility
 t - 2 potions of lignification
 A - 4 potions of mutation
 B - 2 potions of haste {unknown}
 C - a potion of ambrosia
 G - 4 potions of might
 N - a potion of flight {unknown}


   Skills:
 + Level 7.9(8.3) Fighting
 - Level 2.6 Axes
 + Level 6.8 Armour
 - Level 1.7 Dodging
 + Level 7.5 Stealth
 + Level 6.5 Shields
 + Level 2.5(2.9) Spellcasting
 + Level 3.4(3.8) Conjurations


You had 11 spell levels left.
You knew the following spells:

 Your Spells              Type           Power      Damage    Failure   Level
a - Kiss of Death         Conj/Necr      36%        2d8       10%         1
b - Ensorcelled Hibernat  Hex/Ice        4%         N/A       30%         2

Your spell library contained the following spells:

 Spells                   Type           Power      Damage    Failure   Level
 Foxfire                  Conj/Fire      36%        2x1d5     10%         1
 Momentum Strike          Conj/Tloc      18%        3d8       14%         2
 Hailstorm                Conj/Ice       9%         3d4       28%         3
 Portal Projectile        Hex/Tloc       4%         N/A       52%         3
 Call Canine Familiar     Summ           2%         N/A       54%         3
 Spider Form              Tmut/Pois      2%         N/A       54%         3
 Anguish                  Hex/Necr       1%         N/A       90%         4
 Leda's Liquefaction      Hex/Erth       1%         N/A       90%         4
 Fireball                 Conj/Fire      4%         3d4       95%         5
 Starburst                Conj/Fire      4%         6d4       100%        6


Dungeon Overview and Level Annotations

Branches:
Dungeon (9/15)             Temple (1/1) D:7
   Lair: D:8-11         Orc: D:9-12

Altars:
Ashenzari
Cheibriados
Dithmenos
Fedhas
Gozag
Hepliaklqana
Kikubaaqudgha
Makhleb
Nemelex Xobeh
Okawaru
Qazlal
Ru
Sif Muna
Trog
Uskayaw
Wu Jian
Xom
Yredelemnul

Shops:
D:3 (

Annotations:
D:8 Amaemon


Innate Abilities, Weirdness & Mutations

You have sharp fingernails.
You have a moderately thin skeletal structure. (Dex +4, Stealth++)
You regenerate a little health from kills.
You sometimes gain a little power by taking damage.


Message History

The troll barely misses you.
You closely miss the troll.
The troll is moderately wounded.
The troll bites you! The troll closely misses you.
You block the troll's attack.
You closely miss the troll.
The troll is moderately wounded.
The troll misses you. x2; You block the troll's attack.
The troll bites you! You block the troll's attack. x2
You hit the troll. You burn the troll.
The troll is heavily wounded.
The troll bites you!
* * * LOW HITPOINT WARNING * * *
The troll closely misses you. The troll claws you but does no damage.
You closely miss the troll.
The troll is heavily wounded.
You block the troll's attack. The troll closely misses you.
The troll claws you but does no damage. The troll bites you but does no damage.
The troll claws you.
* * * LOW HITPOINT WARNING * * *
The troll claws you but does no damage.
Okay, then.
You fade into invisibility!
The troll bites you but does no damage. The troll misses you.
The troll claws you.
* * * LOW HITPOINT WARNING * * *
You slash the troll! You burn the troll.
The troll is severely wounded.
You block the troll's attack. The troll claws you.
* * * LOW HITPOINT WARNING * * *
You block the troll's attack.
You strike the helpless troll from behind!
You hit the troll. You burn the troll.
The troll is severely wounded.
The troll bites you!
* * * LOW HITPOINT WARNING * * *
The troll barely misses you. The troll claws you.
* * * LOW HITPOINT WARNING * * *
The troll misses you. The troll closely misses you. The troll claws you.
You die...

#.## #.# #.. ...###.#
#.# .......# #.# .#
...##### #.# #.# #.##
#.# ###.### #.# #.#
#...#.## #.# #.#
###...#..# #.#####
#.#####........####
#.....#
###....@...........>.
#####.#
#.....T..........# #
#.####.########....#....
# ##.##.....# #....# .##
####...#.#.#.## #.#.##
..............# #.#.#
.###...#.#.#).# #.#.# .#
##.##......# #.#.# .#
#.####.##)# #.#.#


You could see a troll (unable to see you).

Vanquished Creatures
  Maggie (D:9)
  A shadow (D:9)
  6 yaks (D:9)
  A steam dragon (D:7)
  3 black bears
  3 orc warriors
  2 sky beasts
  An ogre (D:5)
  5 centaurs
  2 kobold brigands (D:7)
  4 bullfrogs
  5 scorpions
  10 wights
  6 killer bees (D:9)
  A crimson imp (D:7)
  An orc priest (D:6)
  2 hounds
  5 jellies
  A gnoll bouda (D:6)
  7 iguanas
  2 orc wizards
  Terence (D:3)
  7 adders
  19 gnolls
  An ufetubus (D:5)
  A worm (D:3)
  2 dart slugs
  19 orcs
  7 endoplasms
  5 giant cockroaches
  5 goblins
  7 hobgoblins
  2 quokkas
  3 ball pythons
  5 bats
  4 frilled lizards
  14 kobolds
  6 rats
  A spectral orc (D:6)
178 creatures vanquished.

Vanquished Creatures (others)
  An orc wizard (D:7)
1 creature vanquished.

Grand Total: 179 creatures vanquished

Notes
Turn   | Place    | Note
-------+----------+-------------------------------------------
     0 | D:1      | Shayle the Demonspawn Reaver began the quest for the Orb.
     0 | D:1      | Reached XP level 1. HP: 16/16 MP: 3/3
   366 | D:1      | Gained mutation: You sometimes gain a little power by
                  | taking damage. [demonic ancestry]
   366 | D:1      | Reached XP level 2. HP: 21/22 MP: 5/5
   681 | D:1      | Reached skill level 1 in Stealth
   718 | D:1      | Reached skill level 1 in Armour
  1070 | D:2      | Reached XP level 3. HP: 9/28 MP: 6/6
  1335 | D:2      | Reached XP level 4. HP: 34/35 MP: 7/7
  1469 | D:2      | You fall into a shaft and drop 1 floor!
  1679 | D:3      | Noticed Terence
  1719 | D:3      | Killed Terence
  2030 | D:3      | Found Jiungoza's Antique Weapon Shop.
  2466 | D:3      | Gained mutation: You have a somewhat thin skeletal
                  | structure. (Dex +2, Stealth+) [demonic ancestry]
  2466 | D:3      | Reached XP level 5. HP: 23/40 MP: 8/8
  2625 | D:4      | Found an ancient bone altar of Kikubaaqudgha.
  2747 | D:4      | Reached skill level 1 in Shields
  3156 | D:4      | Gained mutation: You regenerate a little health from kills.
                  | [demonic ancestry]
  3156 | D:4      | Reached XP level 6. HP: 38/48 MP: 9/9
  3207 | D:5      | Entered Level 5 of the Dungeon
  3224 | D:5      | Found a hazy altar of Hepliaklqana.
  3669 | D:5      | Reached XP level 7. HP: 45/55 MP: 10/10
  4577 | D:6      | Found a basalt altar of Yredelemnul.
  4851 | D:6      | Reached skill level 5 in Fighting
  5104 | D:6      | Gained mutation: You have a moderately thin skeletal
                  | structure. (Dex +4, Stealth++) [demonic ancestry]
  5104 | D:6      | Reached XP level 8. HP: 49/62 MP: 11/11
  5126 | D:6      | Identified the +0 leather armour of Knowledge {rPois}
  5155 | D:6      | Reached skill level 5 in Stealth
  5292 | D:6      | Found a hide-covered altar of Uskayaw.
  5660 | D:7      | Found a staircase to the Ecumenical Temple.
  5667 | Temple   | Entered the Ecumenical Temple
  5676 | Temple   | Became a worshipper of Ashenzari the Shackled
  5707 | D:7      | Found a burning altar of Makhleb.
  5812 | D:7      | Learned a level 2 spell: Ensorcelled Hibernation
  5913 | D:7      | Reached skill level 5 in Armour
  6280 | D:7      | Gained mutation: You have sharp fingernails. [demonic
                  | ancestry]
  6280 | D:7      | Reached XP level 9. HP: 55/70 MP: 12/12
  6440 | D:7      | Reached skill level 5 in Shields
  7046 | D:7      | HP: 1/67 [wight/+0 halberd (13)]
  7741 | D:8      | Identified the cursed +1 cloak of Ouranomancy {Bglg, Self}
                  | (You found it on level 3 of the Dungeon)
  7976 | D:8      | Noticed Amaemon
  8117 | D:9      | Reached XP level 10. HP: 54/80 MP: 13/13
  8777 | D:9      | Noticed Maggie
  8787 | D:9      | Killed Maggie
  9312 | D:9      | HP: 1/75 [troll (4)]
  9312 | D:9      | Slain by a troll

Illustrated notes

Levels and vault maps discovered:
D:1:      lordsloth_arrival_two_stooges, layout_loops_corners,
          minmay_pentomino_r2
D:2:      layout_basic, minmay_misc_feat_columns, minmay_quantized
D:3:      layout_loops_cross, serial_shops, shop, moated_statue, uniq_terence
D:4:      layout_gridville, nicolae_overflow_crystal_walls, dk_vineyard_1
D:5:      layout_loops_cross, nzn_hepliaklqana_mist_gate,
          kennysheep_small_spiral
D:6:      layout_loops_corners, yredelemnul_forgotten_temple_becter,
          gammafunk_temple_overflow_elements, chequers_serial_rivers_small_b
D:7:      hellmonk_crumbling_castle, layout_basic, makhleb_grotto_becter,
          minmay_temple_entry_gardened_gates, grunt_potential
D:8:      layout_basic, uniq_amaemon
D:9:      layout_loops_ring, dpeg_lair_monsters, uniq_maggie
Temple:   nicolae_temple_no_exploring_needed

Skill      XL: |  1  2  3  4  5  6  7  8  9 |
---------------+----------------------------+-----
Stealth        | 1 2 3 4 5 7 |  7.5
Armour         | 1 2 3 4 5 6 |  6.8
Fighting       | 3 4 5 6 7 |  7.9
Shields        | 1 2 3 4 6 |  6.5
Axes           | |  2.6
Dodging        | |  1.7
Spellcasting   | |  2.5
Conjurations   | |  3.4

Action                   |  1- 3 |  4- 6 |  7- 9 | 10-12 || total
-------------------------+-------+-------+-------+-------++-------
Melee: Hand axe          |   110 |    61 |       |       ||   171
       Mace              |       |   184 |   243 |       ||   427
       War axe           |       |       |   151 |    75 ||   226
       Broad axe         |       |       |       |    37 ||    37
 Cast: Kiss of Death     |       |     1 |       |       ||     1
Invok: Curse Item        |       |       |     1 |       ||     1
Evoke: Wand              |       |       |    15 |     3 ||    18
  Use: Potion            |     4 |     2 |     3 |     2 ||    11
       Scroll            |     3 |     5 |    12 |     1 ||    21
 Stab: Sleeping          |       |     4 |     7 |     2 ||    13
       Distracted        |       |       |     1 |       ||     1
       Invisible         |       |       |       |     1 ||     1
Armor: Leather armour    |    49 |   141 |   269 |    54 ||   513
       Skin              |       |       |    12 |       ||    12
       Steam dragon scal |       |       |       |    15 ||    15
Dodge: Dodged            |    90 |   177 |   256 |    76 ||   599
Block: Buckler           |       |    56 |   138 |    31 ||   225

Table legend: (Time is in decaauts)
 A = Elapsed time spent in this place.
 B = Non-inter-level travel time spent in this place.
 C = Inter-level travel time spent in this place.
 D = Time resting spent in this place.
 E = Time spent auto-exploring this place.
 F = Levels seen in this place.
 G = Mean time per level.
                   A        B        C        D        E       F      G
               +--------+--------+--------+--------+--------+-----+--------+
         Total |   9615 |   9285 |    330 |   1737 |   4720 |  10 |  961.5 |
       Dungeon |   9596 |   9266 |    330 |   1737 |   4720 |   9 | 1066.2 |
        Temple |     18 |     18 |      0 |      0 |      0 |   1 |   18.0 |
               +--------+--------+--------+--------+--------+-----+--------+

Top non-repeatable levels by time:
     D:7: 1754 daAuts
     D:6: 1603 daAuts
     D:9: 1193 daAuts
     D:3: 1014 daAuts
     D:5: 1011 daAuts
     D:4: 991 daAuts
     D:1: 912 daAuts
     D:2: 574 daAuts
     D:8: 541 daAuts
  Temple: 18 daAuts
